 Dungeon Sprint DCSS version 0.19-a0-895-gdbd5520 (webtiles) character file.

156 LORDOFBUTT the Ruffian (level 5, -19/61 HPs)
             Began as a Troll Berserker on July 4, 2016.
             Was a Priest of Trog.
             Killed from afar by a deep elf mage (32 damage)
             ... with a bolt of lightning
             ... in the Dungeon (Sprint III: "The Ten Rune Challenge").
             The game lasted 00:00:57 (274 turns).

LORDOFBUTT the Ruffian (Troll Berserker)             Turns: 274, Time: 00:00:58

Health: -19/61     AC:  5    Str: 25    XL:     5   Next: 14%
Magic:  4/4        EV: 10    Int:  3    God:    Trog [***...]
Gold:   36         SH:  0    Dex: 10    Spells: 0 memorised, 4 levels left

rFire  . . .     SeeInvis .       - Unarmed
rCold  . . .     Gourm    +     a - +0 animal skin
rNeg   . . .     Faith    .     (no shield)
rPois  .         Spirit   .     (helmet restricted)
rElec  .         Dismiss  .     (no cloak)
rCorr  .         Reflect  .     (gloves unavailable)
SustAt .         Harm     .     (boots unavailable)
MR     .....     NoTele   +     (no amulet)
Stlth  +.........               (no ring)
                                (no ring)

@: exhausted, not resistant to hostile enchantments, very unstealthy
A: unfitting armour, claws 3, fast metabolism 3, gourmand, regeneration 2,
shaggy fur 1, tough skin 2
a: Berserk, Trog's Hand, Burn Spellbooks, Renounce Religion


You were in the Dungeon.
You worshipped Trog.
Trog was most pleased with you.
You were near starving.

You visited 1 branch You collected 36 gold pieces.

Inventory:

Armour
 a - a +0 animal skin (worn)
Scrolls
 h - a scroll of blinking
 k - a scroll of holy word {unknown}
 l - 4 scrolls of identify
 o - a scroll of immolation {unknown}
 p - 2 scrolls of remove curse
Potions
 c - a potion of curing
 d - a potion of heal wounds
 e - a potion of haste
 f - 2 potions of magic
 g - a potion of berserk rage
 j - 2 potions of mutation {unknown}
 m - 2 potions of cure mutation
 n - a potion of cancellation {unknown}
 r - a potion of invisibility {unknown}
 s - 2 potions of flight
Books
 t - a book of Misfortune

   Spells                             Type                      Level
   a - Confusing Touch                Hexes                        1
   b - Confuse                        Hexes                        3
   c - Gell's Gravitas                Hexes/Translocation          3
   d - Petrify                        Transmutation/Earth          4
   e - Metabolic Englaciation         Hexes/Ice                    5
   f - Yara's Violent Unravelling     Hexes/Transmutation          5
   Trog disapproves of the use of such an item.
Comestibles
 b - 3 bread rations
 i - a beef jerky
 q - a meat ration


   Skills:
 + Level 6.4 Fighting
 - Level 2.4 Dodging
 - Level 1.2 Stealth
 + Level 7.8 Unarmed Combat


You had 4 spell levels left.
You didn't know any spells.

Dungeon Overview and Level Annotations

Branches:
Dungeon (1/1)

Altars:
Elyvilon
Kikubaaqudgha
Sif Muna
Uskayaw
Vehumet
Zin
The Shining One


Innate Abilities, Weirdness & Mutations

You are too large for most types of armour.
You have claws for hands.
Your metabolism is lightning-fast.
You like to eat raw meat.
You heal very quickly.
You are covered in fur. (AC +1)
You have very tough skin. (AC +2)


Message History

You closely miss the deep elf mage.
The deep elf mage is moderately wounded.
The deep elf mage hits you with a long sword of holy wrath.
* * * LOW HITPOINT WARNING * * *
You claw the deep elf mage!
The deep elf mage is severely wounded.
The deep elf mage hits you with a long sword of holy wrath!
* * * LOW HITPOINT WARNING * * *
You closely miss the deep elf mage.
The deep elf mage is severely wounded.
You barely miss the deep elf mage.
The deep elf mage is severely wounded.
The deep elf mage casts a spell.
The deep elf mage blinks!
The deep elf mage drinks a potion.
The deep elf mage is healed!
There is a fountain of clear blue water here.
The deep elf mage points at you and mumbles some strange words.
The bolt of lightning hits you!
Ouch! That really hurt!
You die...

▓▓▓▓▓▓ ▓▓▓ .'...♣♣ ♣
♣.##### .#....♣.♣
♣♣.#___# ##....♣.♣
♣..#...#
.#....≈♣♣♣♣♣.###'#+###+##
.#...≈≈♣...♣.#......e...#
.#..≈≈≈≈..♣♣.'.⌠........#
'#..≈≈≈≈≈≈...#..@######+#
.#.≈≈≈≈≈≈....#.⌠.#
.#.≈≈≈≈≈.....#...#
.#.≈≈≈.......#'###
##...........#_):#
.............#___#
▓▓▓▓▓▓▓▓▓▓▓▓▓▓▓▓▓▓


You could see a deep elf mage.

Vanquished Creatures
  A water elemental (D)
  Jessica (D)
  A wizard (D)
  A human (D)
  A kobold demonologist (D)
  A phantom (D)
  2 rats (D)
8 creatures vanquished.

Vanquished Creatures (others)
  2 draconian scorchers (D)
  5 hellions (D)
  A yaktaur (D)
8 creatures vanquished.

Grand Total: 16 creatures vanquished

Notes
Turn   | Place    | Note
-------+----------+-------------------------------------------
     0 | D        | LORDOFBUTT the Troll Berserker began the quest for the Orb.
     0 | D        | Reached XP level 1. HP: 22/22 MP: 0/0
     7 | D        | Reached ** piety under Trog
    10 | D        | Killed a yaktaur
    13 | D        | Noticed Jessica
    21 | D        | Killed Jessica
    21 | D        | Reached skill level 5 in Unarmed Combat
    21 | D        | Reached XP level 2. HP: 31/32 MP: 1/1
    46 | D        | Reached XP level 3. HP: 31/40 MP: 2/2
    81 | D        | Killed a hellion
    88 | D        | Killed a hellion
    88 | D        | Killed a hellion
    90 | D        | Killed a hellion
   103 | D        | Noticed a water elemental
   107 | D        | Killed a water elemental
   107 | D        | Reached skill level 5 in Fighting
   107 | D        | Reached skill level 1 in Stealth
   107 | D        | Reached skill level 7 in Unarmed Combat
   107 | D        | Reached XP level 4. HP: 52/52 MP: 3/3
   141 | D        | Killed a white draconian scorcher
   236 | D        | Killed a hellion
   239 | D        | Found a hide-covered altar of Uskayaw.
   239 | D        | Found a radiant altar of Vehumet.
   239 | D        | Found a deep blue altar of Sif Muna.
   239 | D        | Found an ancient bone altar of Kikubaaqudgha.
   239 | D        | Noticed a wizard
   243 | D        | Killed a wizard
   243 | D        | Reached *** piety under Trog
   243 | D        | Reached XP level 5. HP: 59/59 MP: 4/4
   256 | D        | Found a glowing silver altar of Zin.
   257 | D        | Found a glowing golden altar of the Shining One.
   257 | D        | Found a white marble altar of Elyvilon.
   257 | D        | Noticed a deep elf mage
   264 | D        | Killed a white draconian scorcher
   274 | D        | Killed from afar by a deep elf mage

Vault maps used:
D:        dungeon_sprint_mu

Skill      XL: |  1  2  3  4 |
---------------+-------------+-----
Fighting       | 4 5 6 |  6.4
Unarmed Combat | 5 7 |  7.8
Stealth        | 1 |  1.2
Dodging        | |  2.4

Action                   |  1- 3 |  4- 6 || total
-------------------------+-------+-------++-------
Melee: Unarmed           |    25 |     9 ||    34
Invok: Berserk           |     1 |     1 ||     2
 Stab: Sleeping          |     1 |       ||     1
Armor: Animal skin       |     2 |       ||     2
Dodge: Dodged            |    14 |     4 ||    18
